cassyva, chaotic female human Rogue ------------ |...<.......########----- |..........| #|... |..........| #|...----- -|---------- #|...|+++ ### #|...|+++ # #|...|.. +-- ### |...-|---..| # |....@G....| ## |........{.- ----- | ---|- |..............................| |>.^| |...--|--..G........-+-- --- |...-######### |...| .. ------- ---- |...| # |...| ..| ----- ### |...| ..| # |@..-----+------ ---- ----- | ##.@.............................| -------------------------------- cassyva the Rogue Experience level: 6 Strength: 15 Dexterity: 18 Constitution: 14 Intelligence: 10 Wisdom: 10 Charisma: 12 Health: 0(43) Energy: 26(26) Def: 12 Gold: 565 Moves: 4143 Dungeon seed: EKUuScADN10qet6U Game ID: cassyva_1516213613 Your Inventory: Coins $ - 565 gold pieces Weapons a - an uncursed +0 dagger named Biter (weapon in hand) b - 14 uncursed +0 daggers (in quiver) C - an uncursed poisoned +0 dart G - 3 cursed -3 daggers I - an uncursed +0 dagger Armor n - an uncursed +0 dwarvish mithril-coat (being worn) r - a blessed +2 orcish helm (being worn) y - an uncursed +1 dwarvish cloak (being worn) J - a blessed +2 dwarvish cloak K - an uncursed +2 pair of iron shoes N - an uncursed +0 pair of iron shoes (being worn) Comestibles l - 2 uncursed food rations s - an uncursed egg v - an uncursed tin of large kobold meat D - an uncursed fortune cookie Wands m - an uncursed wand of fire (0:4) Tools g - an uncursed blindfold k - an uncursed lock pick o - an uncursed skeleton key w - an uncursed can of grease (0:1) x - an uncursed partly used tallow candle (0:189) z - an uncursed skeleton key B - an uncursed sack E - an uncursed tallow candle (0:200) F - 2 cursed tallow candles (0:200) O - 7 uncursed wax candles (0:400) Gems e - an uncursed worthless piece of orange glass q - an uncursed worthless piece of yellowish brown glass Y - an uncursed worthless piece of green glass Contents of the sack: 123 gold pieces an uncursed scroll of amnesia an uncursed scroll of enchant armor a cursed scroll of enchant armor an uncursed scroll of enchant weapon a cursed scroll of genocide an uncursed scroll of gold detection a cursed scroll of identify an uncursed scroll of teleportation an uncursed potion of confusion an uncursed potion of extra healing an uncursed potion of fruit juice an uncursed potion of healing an uncursed potion of levitation 2 uncursed potions of sickness a cursed ring of teleportation Spells and supernatural/magical abilities: Name Level Category Fail Memory W - pray for help -- divine ? -- Your skills at the end: Fighting Skills Weapon Skills dagger [Skilled] short sword [Basic] Spellcasting Skills Final Attributes: You were piously aligned. You were stealthy. You are dead. Vanquished creatures: a small mimic 3 gnome lords 2 gnomish wizards a kobold mummy a kitten 4 dwarves a giant bat a werejackal a coyote a gas spore a hobbit 2 large kobolds 2 hobgoblins 3 giant rats a green mold 15 gnomes a gnome zombie 5 geckos 8 jackals a fox 3 goblins 2 sewer rats 6 grid bugs 5 lichens a kobold zombie 3 newts 75 creatures vanquished. Voluntary challenges: You used a wielded weapon 154 times, starting on turn 50. You read items or engraved 15 times, starting on turn 468. You never genocided any monsters. You never polymorphed an object. You never changed form. You used no wishes. You never split a pudding. You wrote Elbereth's name 9 times, starting on turn 469. You never violated your personal moral code. Dungeon overview: The Dungeons of Doom: levels 1 to 6 Level 1 a sink a long staircase Level 2 (stash) an altar to Issek Level 3 a general store, a fountain stairs to The Gnomish Mines Level 4 a sink Level 5 a fountain Level 6 The Gnomish Mines: levels 4 to 7 Level 4 stairs to The Dungeons of Doom Level 5 Level 6 <- You were here a bookstore, a fountain Level 7 History has recorded: On T:1 you entered the Dungeons of Doom to retrieve the Amulet of Yendor! On T:135 you reached level 2 of The Dungeons of Doom. On T:527 you reached level 3 of The Dungeons of Doom. On T:801 you reached level 4 of The Dungeons of Doom. On T:1046 you advanced to experience level 2. On T:1159 you reached level 1 of The Gnomish Mines. On T:1264 you advanced to experience level 3. On T:1727 you advanced to experience level 4. On T:2430 you advanced to experience level 5. On T:2760 you reached level 5 of The Dungeons of Doom. On T:2977 you reached level 6 of The Dungeons of Doom. On T:3528 you reached level 2 of The Gnomish Mines. On T:3805 you reached level 3 of The Gnomish Mines. On T:4028 you reached level 4 of The Gnomish Mines. On T:4045 you advanced to experience level 6. Score breakdown: Gold: 688 ( 9654 points) Experience: 6 levels (12456 points) Exploration: 7 levels ( 15.22%) (10954 points) Discoveries: 3 items ( 1.01%) ( 3010 points) Valuables value: (no points given unless you survive) Artifact value: 0 ( 0 points) Variety of kills: 26 monsters ( 6.82%) ( 7836 points) Turncount: 4143 turns (-1076 points) Survival: died (score multiplied by 80%) Total score: 34267 Latest messages: The fox misses. (2x) You kill the fox! You hit the gnomish wizard. The air crackles around the gnomish wizard. The gnomish wizard points all around, then curses. You hit the gnomish wizard. The gnomish wizard points at you, then curses. You kill the gnomish wizard! The gnome king wields a crossbow! You hit the gnome king. The gnome king swings his crossbow. The gnome king hits! You hit the gnome king. The gnome king swings his crossbow. The gnome king just misses! You hit the gnome king. The gnome king swings his crossbow. The gnome king hits! You write in the dust with your fingers. The gnome king swings his crossbow. The gnome king hits! You die... Final status: Goodbye cassyva the Rogue, killed by a gnome king... You died in The Gnomish Mines on dungeon level 6 with 34267 points, and 688 pieces of gold, after 4143 moves. You were level 6 with a maximum of 43 hit points when you died.